 Dungeon Crawl Stone Soup version 0.21.1-1-g345015f (webtiles) character file.

74 inc the Skirmisher (level 4, 0/31 HPs)
             Began as an Octopode Ice Elementalist on June 17, 2018.
             Slain by Robin
             ... wielding a +0 short sword
              (1 damage)
             ... on level 2 of the Dungeon.
             The game lasted 00:02:05 (1290 turns).

inc the Skirmisher (Octopode Ice Elementalist)      Turns: 1290, Time: 00:02:06

Health: 0/31       AC:  6    Str:  7    XL:     4   Next: 30%
Magic:  0/7        EV: 13    Int: 18    God:
Gold:   84         SH:  0    Dex: 14    Spells: 3/7 levels left

rFire    . . .     SeeInvis .   i - +0 dagger
rCold    . . .     Gourm    .   (no shield)
rNeg     . . .     Faith    .   (helmet restricted)
rPois    .         Spirit   .   (no amulet)
rElec    .         Reflect  .   e - +2 ring of dexterity
rCorr    .         Harm     .   (no ring)
MR       .....                  (no ring)
Stlth    +++.......             (no ring)
HPRegen  0.10/turn              (no ring)
MPRegen  0.10/turn              (no ring)
                                (no ring)
                                (no ring)

@: icy armour, very slightly contaminated, slow
A: almost no armour, stealthy swim, amphibious, 8 rings, constrict 8, camouflage
1, gelatinous body 1
a: no special abilities


You were on level 2 of the Dungeon.
You were hungry.

You visited 1 branch of the dungeon, and saw 2 of its levels.

You collected 84 gold pieces.

Inventory:

Hand Weapons
 i - a +0 dagger (weapon)
Jewellery
 e - a +2 ring of dexterity (left tentacle)
Scrolls
 d - 3 scrolls of immolation {unknown}
 f - a scroll of remove curse {unknown}
 g - a scroll of noise {unknown}
 h - a scroll of identify {unknown}
Potions
 c - 2 potions of lignification {unknown}
Books
 a - a book of Frost

   Spells                             Type                      Level
   a - Freeze                         Ice                          1
   b - Throw Frost                    Conjuration/Ice              2
   c - Ozocubu's Armour               Charms/Ice                   3
   d - Throw Icicle                   Conjuration/Ice              4
   e - Summon Ice Beast               Ice/Summoning                4
Comestibles
 b - a ration


   Skills:
 - Level 3.4 Fighting
 - Level 2.0 Dodging
 - Level 2.6 Stealth
 - Level 2.0 Spellcasting
   Level 1.0 Conjurations
 + Level 1.1 Charms
 - Level 3.0 Ice Magic


You had 3 spell levels left.
You knew the following spells:

 Your Spells              Type           Power        Failure   Level  Hunger
a - Freeze                Ice            ##..         5%          1    #......
b - Ozocubu's Armour      Chrm/Ice       #.......     22%         3    ###....


Dungeon Overview and Level Annotations

Branches:
Dungeon (2/15)

Altars:
Makhleb

Annotations:
D:2 Robin, Sigmund


Innate Abilities, Weirdness & Mutations

You cannot wear most types of armour.
You are very stealthy in the water. (Stealth+)
You are amphibious.
You can wear up to eight rings at the same time.
You can use your tentacles to constrict eight enemies at once.
Your skin changes colour to match your surroundings (Stealth+).
Your rubbery body absorbs attacks. (AC +1, EV +1)


Message History

Aim: Robin, wielding a short sword, wearing an animal skin and wearing a helmet (lightly wounded, constricted by you)
You freeze Robin.
Robin is moderately wounded.
You constrict Robin. Robin completely misses you.
Casting: Freeze
Confirm with . or Enter, or press ? or * to list all spells.
Aiming: Freeze
Press: ? - help, Shift-Dir - straight line, f/p - Robin
Aim: Robin, wielding a short sword, wearing an animal skin and wearing a helmet (moderately wounded, constricted by you)
You freeze Robin.
Robin is severely wounded.
You constrict Robin. Robin hits you with a short sword.
* * * LOW HITPOINT WARNING * * *
Casting: Freeze
Confirm with . or Enter, or press ? or * to list all spells.
You don't have enough magic to cast that spell.
You hit Robin but do no damage.
Robin is severely wounded.
You constrict Robin. Robin hits you with a short sword.
You die...

####..###
.....†..#
###††...####
##.......###
#....##...####.#
#....####......#
#....###########
#.........#######
#....#.....)g@..#
#....#....#######
######....#
#....#
...)...g...#
..####.....#
#.>g..# ..g####
##...


You could see Robin.

Vanquished Creatures
  An adder (D:2)
  3 oozes (D:1)
  A dart slug (D:1)
  2 leopard geckos
  A ball python (D:2)
  2 giant cockroaches (D:2)
  10 goblins
  9 hobgoblins
  3 jackals (D:2)
  2 kobolds
  A quokka (D:2)
  4 bats
  4 rats
43 creatures vanquished.

Notes
Turn   | Place    | Note
-------+----------+-------------------------------------------
     0 | D:1      | inc the Octopode Ice Elementalist began the quest for the Orb.
     0 | D:1      | Reached XP level 1. HP: 11/11 MP: 3/3
     5 | D:1      | Reached skill level 1 in Fighting
    65 | D:1      | Reached XP level 2. HP: 16/19 MP: 1/5
   230 | D:1      | Reached XP level 3. HP: 25/25 MP: 6/6
   954 | D:2      | Found a burning altar of Makhleb.
  1208 | D:2      | Reached XP level 4. HP: 29/31 MP: 7/7
  1210 | D:2      | Noticed Sigmund
  1235 | D:2      | Learned a level 3 spell: Ozocubu's Armour
  1238 | D:2      | Noticed Robin
  1278 | D:2      | Reached skill level 1 in Charms
  1289 | D:2      | HP: 1/31 [Robin/short sword (3)]
  1290 | D:2      | Slain by Robin

Skill      XL: |  1  2  3  4 |
---------------+-------------+-----
Fighting       | 1 2 3 |  3.4
Charms         | 1 |  1.1
Dodging        | |  2.0
Stealth        | |  2.6
Spellcasting   | |  2.0
Conjurations   | |  1.0
Ice Magic      | |  3.0

Action                   |  1- 3 |  4- 6 || total
-------------------------+-------+-------++-------
Melee: Unarmed           |    78 |    25 ||   103
       Constrict         |    21 |    12 ||    33
       Tentacles         |    15 |     6 ||    21
       Dagger            |       |    11 ||    11
 Cast: Freeze            |    19 |     2 ||    21
       Ozocubu's Armour  |       |     1 ||     1
 Stab: Sleeping          |    10 |       ||    10
  Eat: Chunk             |     1 |       ||     1
Armor: Skin              |    13 |     4 ||    17
Dodge: Dodged            |    67 |    27 ||    94
